 Dungeon Crawl Stone Soup version 0.25-a0-699-g25a338df49 (webtiles) character file.

Game seed: 16988137932343863641, levelgen mode: deterministic

244 M4edhros the Sneak (level 6, -6/38 HPs)
             Began as an Octopode Artificer on Apr 2, 2020.
             Mangled by Sigmund
             ... wielding a +0 scythe
              (12 damage)
             ... on level 4 of the Dungeon.
             The game lasted 00:03:17 (1912 turns).

M4edhros the Sneak (Octopode Artificer)             Turns: 1912, Time: 00:03:18

Health: -6/38      AC:  1    Str: 12    XL:     6   Next: 10%
Magic:  10/10      EV: 13    Int: 13    God:
Gold:   112        SH:  0    Dex: 14    Spells: 5/5 levels left

rFire    . . .     SeeInvis .   a - +0 short sword
rCold    . . .     Gourm    .   (no shield)
rNeg     . . .     Faith    .   (helmet restricted)
rPois    .         Spirit   .   (no amulet)
rElec    .         Reflect  .   j - ring of stealth
rCorr    .         Harm     .   (no ring)
MR       .....                  (no ring)
Stlth    +++++.....             (no ring)
HPRegen  0.12/turn              (no ring)
MPRegen  0.12/turn              (no ring)
                                (no ring)
                                (no ring)

@: no status effects
A: almost no armour, stealthy swim, amphibious, 8 rings, constrict 8, camouflage
1, gelatinous body 1
a: no special abilities


You were on level 4 of the Dungeon.
You were not hungry.

You visited 1 branch of the dungeon, and saw 4 of its levels.

You collected 112 gold pieces.

Inventory:

Hand Weapons
 a - a +0 short sword (weapon)
 e - a +0 hunting sling
Missiles
 i - 15 poisoned darts (quivered)
Jewellery
 j - a ring of stealth (left tentacle)
Wands
 b - a wand of flame (4)
 c - a wand of enslavement (14)
 d - a wand of random effects (8)
Scrolls
 g - a scroll of fear {unknown}
 h - a scroll of teleportation {unknown}
 m - a scroll of enchant armour {unknown}
Comestibles
 f - 6 rations


   Skills:
 - Level 1.0 Fighting
 - Level 1.0 Short Blades
 - Level 2.0 Dodging
 + Level 6.0 Stealth
 + Level 5.6 Evocations


You had 5 spell levels left.
You didn't know any spells.
Your spell library contained the following spells:

 Spells                   Type           Power        Failure   Level  Hunger
 Magic Dart               Conj           #...         30%         1    ##.....
 Blink                    Tloc           N/A          43%         2    ###....
 Call Imp                 Summ           #.......     43%         2    ###....
 Slow                     Hex            #.......     43%         2    ###....
 Conjure Flame            Conj/Fire      #.......     67%         3    ####...
 Mephitic Cloud           Conj/Pois/Air  #.......     67%         3    ####...


Dungeon Overview and Level Annotations

Branches:
Dungeon (4/15)
 Temple: D:4-7

Altars:

Annotations:
D:4 Sigmund


Innate Abilities, Weirdness & Mutations

You cannot wear most types of armour.
You are very stealthy in the water. (Stealth+)
You are amphibious.
You can wear up to eight rings at the same time.
You can use your tentacles to constrict eight enemies at once.
Your skin changes colour to match your surroundings (Stealth+).
Your rubbery body absorbs attacks. (AC +1, EV +1)


Message History

Aiming: Random Effects
Press: ? - help, Shift-Dir - straight line, f - you The fireball explodes!
The fireball engulfs something!
The fireball engulfs you! Something barely misses you.
You barely miss something. Your squeeze misses something.
You hear some strange, mumbled words.
Something tries to affect you, but you resist.
You hit something.
You hear some strange, mumbled words.
You are confused.
A magic dart appears from out of thin air!
The magic dart hits you.
* * * LOW HITPOINT WARNING * * *
It was a potion of magic.
Magic courses through your body. Something hits you.
* * * LOW HITPOINT WARNING * * *
Something hits you.
* * * LOW HITPOINT WARNING * * *
You feel less confused. Something hits you!
You die...

#..# #.#
####.##.....
##.# #.#
#.######. #.#
#.# #.######.
#.#####.##
#.#......
#.##.....#
#.#.#.#..
#........#
#.# #....
#.##.....#
#.# #...#
...........#
......
..........@#
#.#...#
............#
.$..(..#
.#######....#
.........
#....#
#..>...../
#....#
#.###o....
#....# #....#
######


There were no monsters in sight!

Vanquished Creatures
  A bullfrog zombie (D:3)
  2 orc wizards (D:4)
  An iguana (D:4)
  A worker ant (D:4)
  3 adders
  An adder skeleton (D:4)
  A worm (D:3)
  3 dart slugs (D:1)
  A leopard gecko (D:4)
  3 orcs (D:4)
  A ball python (D:1)
  6 bats
  A giant cockroach (D:1)
  4 goblins
  4 hobgoblins
  2 jackals (D:4)
  4 frilled lizards
  4 kobolds
  7 rats
50 creatures vanquished.

Vanquished Creatures (collateral kills)
  An orc wizard (D:4)
1 creature vanquished.

Grand Total: 51 creatures vanquished

Notes
Turn   | Place    | Note
-------+----------+-------------------------------------------
     0 | D:1      | M4edhros the Octopode Artificer began the quest for the
                  | Orb.
     0 | D:1      | Reached XP level 1. HP: 13/13 MP: 3/3
    25 | D:1      | Reached skill level 2 in Stealth
    37 | D:1      | Reached XP level 2. HP: 10/18 MP: 4/4
   172 | D:1      | Reached skill level 3 in Stealth
   182 | D:1      | Reached XP level 3. HP: 2/23 MP: 4/6
   831 | D:3      | Reached skill level 4 in Stealth
   831 | D:3      | Reached XP level 4. HP: 14/28 MP: 7/7
  1277 | D:4      | Reached XP level 5. HP: 23/33 MP: 8/8
  1417 | D:4      | Reached skill level 5 in Stealth
  1417 | D:4      | Reached skill level 5 in Evocations
  1637 | D:4      | Reached XP level 6. HP: 14/38 MP: 10/10
  1758 | D:4      | Noticed a phantom
  1759 | D:4      | Reached skill level 6 in Stealth
  1896 | D:4      | Noticed Sigmund
  1912 | D:4      | Mangled by Sigmund

Levels and vault maps discovered:
D:1:      dpeg_arrival_tiny_f, layout_basic
D:2:      layout_loops_ring, lemuel_round_altar, uniq_natasha
D:3:      layout_rooms, first_ration
D:4:      layout_basic, uniq_sigmund

Skill      XL: |  1  2  3  4  5  6 |
---------------+-------------------+-----
Stealth        | 2 3 4 5 6 |  6.0
Evocations     | 4 5 |  5.6
Fighting       | |  1.0
Short Blades   | |  1.0
Dodging        | |  2.0

Action                   |  1- 3 |  4- 6 || total
-------------------------+-------+-------++-------
Melee: Short sword       |    79 |    36 ||   115
       Tentacles         |    14 |     5 ||    19
       Constrict         |    20 |     5 ||    25
Evoke: Wand              |       |    19 ||    19
  Use: Potion            |       |     3 ||     3
 Stab: Sleeping          |     2 |     8 ||    10
  Eat: Chunk             |       |     3 ||     3
Armor: Skin              |    10 |       ||    10
Dodge: Dodged            |    69 |    15 ||    84

Table legend:
 A = Non-vault XP
 B = Vault XP
 C = Vault XP percentage of total XP
 D = Non-vault monster count
 E = Vault monster count
 F = Vault count percentage of total count
                 A         B        C        D         E       F
            +---------+---------+-------+---------+---------+-------
      Total |     349 |       0 |   0.0 |      51 |       0 |   0.0
            +---------+---------+-------+---------+---------+-------
        D:1 |      44 |       0 |   0.0 |      24 |       0 |   0.0
        D:2 |       1 |       0 |   0.0 |       1 |       0 |   0.0
        D:3 |      89 |       0 |   0.0 |      13 |       0 |   0.0
        D:4 |     215 |       0 |   0.0 |      13 |       0 |   0.0
            +---------+---------+-------+---------+---------+-------
